 Dungeon Crawl Stone Soup version 0.31-a0-636-ge1c0e020e0 (webtiles) character file.

Game seed: 17159044144364731258

9 bjtr the Conjurer (level 2, -1/17 HPs)
             Began as a Tengu Reaver on Aug 27, 2023.
             Slain by an endoplasm (3 damage)
             ... on level 1 of the Dungeon.
             The game lasted 00:01:33 (139 turns).

bjtr the Conjurer (Tengu Reaver)                     Turns: 139, Time: 00:01:33

Health: -1/17      AC:  3    Str: 12    XL:     2   Next: 12%
Magic:  6/6        EV: 11    Int: 13    God:
Gold:   6          SH:  0    Dex: 12    Spells: 4/5 levels left

rFire   . . .        a - +0 falchion
rCold   . . .        (no shield)
rNeg    . . .        b - +0 leather armour
rPois   .            (helmet restricted)
rElec   .            (no cloak)
rCorr   .            (no gloves)
SInv    .            (boots unavailable)
Will    .....        (no amulet)
Stlth   +            (no ring)
HPRegen 0.22/turn    (no ring)
MPRegen 0.10/turn

%: no passive effects
@: hasted, very quick
A: beak, talons 3
a: no special abilities


You were on level 1 of the Dungeon.
You visited 1 branch of the dungeon, and saw 1 of its levels.

You collected 6 gold pieces.

Inventory:

Hand Weapons
 a - a +0 falchion (weapon)
Armour
 b - a +0 leather armour (worn)
 d - a +0 ring mail
Scrolls
 c - a scroll of enchant weapon {unknown}
 f - a scroll of teleportation {unknown}


   Skills:
 + Level 2.0 Fighting
 - Level 3.3 Long Blades
 + Level 2.2 Dodging
 + Level 2.3 Spellcasting
 + Level 4.2 Conjurations


You had 4 spell levels left.
You knew the following spells:

 Your Spells              Type           Power      Damage    Failure   Level
a - Kiss of Death         Conj/Necr      28%        2d7       13%         1

Your spell library contained the following spells:

 Spells                   Type           Power      Damage    Failure   Level
 Momentum Strike          Conj/Tloc      14%        3d8       21%         2
 Hailstorm                Conj/Ice       7%         3d4       36%         3


Dungeon Overview and Level Annotations

Branches:
Dungeon (1/15)

Altars:


Innate Abilities, Weirdness & Mutations

You have a beak for a mouth.
You have claws for feet.


Message History

You have reached level 2!
HP restored.
e - a blue potion
f - a scroll labelled ONIGEOCAER A goblin comes into view.
It is wielding a +0 club.
Found 10 gold pieces.
The goblin hits you with a +0 club.
You hit the goblin. You claw the goblin.
You kill the goblin!
You see here a +0 club.
Found a cloak.
Found a stone staircase leading down.
An endoplasm comes into view.
A gnoll comes into view. It is wielding a +0 club.
The endoplasm quivers.
You see here 10 gold pieces.
The gnoll shouts!
You see here a +0 cloak.
You hit the endoplasm but do no damage. The endoplasm closely misses you.
You hit the endoplasm.
The endoplasm is heavily wounded.
The gnoll hits you with a +0 club.
The endoplasm hits you but does no damage.
The endoplasm attacks as it pursues you!
The endoplasm hits you but does no damage.
The gnoll attacks as it pursues you! The gnoll hits you with a +0 club.
You see here 10 gold pieces.
You hit the gnoll. Your punch misses the gnoll.
The gnoll is moderately wounded.
The endoplasm freezes you.
You are frozen.
The gnoll hits you with a +0 club!
* * * LOW HITPOINT WARNING * * *
The endoplasm misses you.
Unknown command.
The endoplasm attacks as it pursues you!
The endoplasm misses you.
It was a potion of haste.
You feel yourself speed up. The gnoll barely misses you.
The endoplasm attacks as it pursues you!
The endoplasm hits you.
You die...

####.....#
#.....##.##########
####
#.###.#...#.†.)....
.....
#.#...###.#†#######
......#.#.##......#
#### ......#)#.
#......# #...
#.....#+##......####...
#........#........##...
######@..########.##...
#J..# #.##... #g..#
#..+... #$..# ####...
#######...# #...
.......[..# #...
.........## #...
.........# #...
........># ####


You could see a gnoll and an endoplasm.

Vanquished Creatures
  2 endoplasms (D:1)
  A giant cockroach (D:1)
  2 goblins (D:1)
  A bat (D:1)
  A kobold (D:1)
  A rat (D:1)
8 creatures vanquished.

Notes
Turn   | Place    | Note
-------+----------+-------------------------------------------
     0 | D:1      | bjtr the Tengu Reaver began the quest for the Orb.
     0 | D:1      | Reached XP level 1. HP: 12/12 MP: 4/4
    80 | D:1      | Reached XP level 2. HP: 15/17 MP: 6/6
   139 | D:1      | Slain by an endoplasm

Illustrated notes

Levels and vault maps discovered:
D:1:      psy_arrival_statuary, layout_basic, roderic_serpentine_path

Action                     || total
---------------------------++-------
  Melee: Falchion          ||    21
         Kick              ||     7
         Peck              ||     1
    Use: Potion            ||     1
 Armour: Leather armour    ||     6
  Dodge: Dodged            ||    12

Table legend: (Time is in decaauts)
 A = Elapsed time spent in this place.
 B = Non-inter-level travel time spent in this place.
 C = Inter-level travel time spent in this place.
 D = Time resting spent in this place.
 E = Time spent auto-exploring this place.
 F = Levels seen in this place.
 G = Mean time per level.
                   A        B        C        D        E       F      G
               +--------+--------+--------+--------+--------+-----+--------+
         Total |    141 |    141 |      0 |      0 |     60 |   1 |  141.0 |
       Dungeon |    141 |    141 |      0 |      0 |     60 |   1 |  141.0 |
               +--------+--------+--------+--------+--------+-----+--------+

Top non-repeatable levels by time:
     D:1: 141 daAuts
